[Event "Late-Titled-Tuesday-Blitz-March-12-2024"]
[Site "Chess.com"]
[Date "2024.03.12"]
[Round "11"]
[White "Yushko_Olga"]
[Black "Viktor_Poddubnyi"]
[Result "0-1"]
[WhiteElo "2205"]
[BlackElo "2300"]
[TimeControl "180+1"]
[EndTime "16:04:22 PDT"]
[Termination "Viktor_Poddubnyi won by resignation"]

1. d4 g6 2. c4 Bg7 3. Nf3 c5 4.
d5 f5 5. Qc2 Nf6 6. Nc3 e6 7.
e4 fxe4 8. Nxe4 exd5 9. Nxf6+ Qxf6 10. cxd5 O-O 11. Be2 d6 12. O-O Bf5 13. Bd3 Bg4 14.
Bg5 Qf7 15. Be2 Nd7 16. Rad1 Rae8 17. Bh4 Bxf3 18. Bxf3 Ne5 19. Be4 b5 20. Bg3 Re7 21. a4 a6 22. axb5 axb5 23. Ra1 Nc4 24. Ra6 Be5 25.
Bh4 Rb7 26. b3 Ne3 27. Re1 Nxc2 28. Bxc2 Re8 29. Be4 Rbb8 30. f3 Ra8 31. Rc6 Ra2 32. Bf2 Qf4 33. Bg3 Qd2 34. f4 Bd4+ 35. Kh1 Rxe4 36.
Rc8+ Kg7 37. Rc7+ Kh6 0-1

[Event "Late-Titled-Tuesday-Blitz-March-12-2024"]
[Site "Chess.com"]
[Date "2024.03.12"]
[Round "11"]
[White "jefferyx"]
[Black "BogdanDeac"]
[Result "1-0"]
[WhiteElo "3105"]
[BlackElo "3098"]
[TimeControl "180+1"]
[EndTime "16:04:23 PDT"]
[Termination "jefferyx won by resignation"]

1. d4 Nf6 2. c4 e6 3. Nc3 Bb4 4. Nf3 d5 5. Qa4+ Nc6 6. e3 O-O 7. Bd2 dxc4 8. Bxc4 Bd6 9. Qc2 e5 10. dxe5 Nxe5 11. Nxe5 Bxe5 12. f4 Bxc3 13. Bxc3 Ng4 14. Bd4 c5 15. Bxc5 Re8 16. O-O Nxe3 17. Bxe3 Rxe3 18. Qf2 Qb6 19. a4 Re4 20. Qxb6 axb6 21. Rfe1 Rxe1+ 22. Rxe1 Kf8 23. b3 Bd7 24. Kf2 Rc8 25.
Re4 Rc5 26. Rd4 Ke7 27. Bxf7 Bxa4 28. bxa4 Kxf7 29. Rb4 Ra5 30. g4 h6 31. h4 Kf8 32.
h5 Rc5 33. Kf3 Rc6 34. g5 hxg5 35. fxg5 Rc5 36. Kg4 Rc6 37. Rd4 Ke7 38. Kf5 g6+ 39. hxg6 Kf8 40. Rd8+ Kg7 41. Rd7+ Kg8 42. g7 b5 43.
axb5 Rb6 44. Rd5 Kxg7 45. Ke5 Kg6 46. Kd4 Re6 47. Re5 Rd6+ 48. Kc5 Rd7 49. Kb6 Kh5 50. Ka7 1-0

[Event "Late-Titled-Tuesday-Blitz-March-12-2024"]
[Site "Chess.com"]
[Date "2024.03.12"]
[Round "11"]
[White "Oleksandr_Bortnyk"]
[Black "Bauman_Guy"]
[Result "1-0"]
[WhiteElo "3020"]
[BlackElo "2932"]
[TimeControl "180+1"]
[EndTime "16:04:26 PDT"]
[Termination "Oleksandr_Bortnyk won by checkmate"]

1. e4 c5 2. c3 d5 3. exd5 Qxd5 4. d4 e6 5. Be3 cxd4 6. cxd4 Bb4+ 7. Nc3 Bd7 8. Nf3 Nf6 9. Bd3 Bb5 10. O-O Bxc3 11.
bxc3 Nbd7 12. Rb1 Bxd3 13. Qxd3 O-O 14. c4 Qc6 15. Rfc1 Rac8 16. h3 h6 17. Qa3 a6 18.
Bf4 Rfd8 19. Bd6 Ne4 20. Be7 Re8 21. d5 exd5 22. Nd4 Qg6 23. cxd5 Nc3 24. Rxb7 Qd3 25. Rb3 Qxd4 26. Rbxc3 Rxc3 27. Rxc3 Qd1+ 28. Kh2 Qxd5 29. Re3 a5 30. f4 h5 31. Rd3 Qe6 32. Bh4 Qf5 33.
Qd6 Nf8 34. Rd5 Qe4 35. Rxh5 Ng6 36. Bg3 Qc2 37. f5 Nf8 38. f6 Re2 39. fxg7 Rxg2+ 40. Kh1 Rh2+ 41. Bxh2 Qe4+ 42. Kg1 Qe1+ 43. Kg2 Qe2+ 44.
Kg3 Qe3+ 45. Kg4 Ng6 46. Qb8+ Kxg7 47. Be5+ f6 48. Qc7+ Kf8 49. Bd6+ Kg8 50. Qh7# 1-0

[Event "Late-Titled-Tuesday-Blitz-March-12-2024"]
[Site "Chess.com"]
[Date "2024.03.12"]
[Round "11"]
[White "manitodeplomo"]
[Black "Koalaskakistis"]
[Result "1/2-1/2"]
[WhiteElo "2672"]
[BlackElo "2528"]
[TimeControl "180+1"]
[EndTime "16:04:27 PDT"]
[Termination "Game drawn by repetition"]

1. d4 f5 2. g3 Nf6 3. Bg2 e6 4. c4 Be7 5. Nh3 O-O 6. O-O d6 7. Nc3 e5 8. e3 Qe8 9. b4 Nbd7 10. a4 a5 11. b5 h6 12. Ba3 g5 13. f4 g4 14. Nf2 e4 15. Qb3 Kh8 16. Rfc1 h5 17.
Nd5 Nxd5 18. cxd5 Bd8 19. Ra2 b6 20. Rac2 Nf6 21. Rxc7 Bxc7 22. Rxc7 Qd8 23. Rc6 Ne8 24. Nd1 Bb7 25. Nc3 h4 26. Kf2 hxg3+ 27. hxg3 Kg7 28. Nb1 Rh8 29. Nd2 Bxc6 30. dxc6 d5 31. Nb1 Nc7 32. Nc3 Rh2 33. Kg1 Qh8 34. Bd6 Rxg2+ 35. Kxg2 Qh3+ 36. Kf2 Rh8 37. Be5+ Kg6 38. Qa3 Qh2+ 39. Ke1 Qxg3+ 40.
Kd2 Rh2+ 41. Ne2 Ne6 42. Qe7 Rxe2+ 43. Kxe2 Qg2+ 44. Ke1 Qg1+ 45. Ke2 Qg2+ 46. Ke1 Qg1+ 47.
Ke2 Qg2+ 1/2-1/2

[Event "Late-Titled-Tuesday-Blitz-March-12-2024"]
[Site "Chess.com"]
[Date "2024.03.12"]
[Round "11"]
[White "IMSlavin"]
[Black "Yeritsyaan"]
[Result "1/2-1/2"]
[WhiteElo "2349"]
[BlackElo "2644"]
[TimeControl "180+1"]
[EndTime "16:04:32 PDT"]
[Termination "Game drawn - insufficient material"]

1. e4 g6 2. g3 Bg7 3. Bg2 c6 4. Ne2 d5 5. exd5 cxd5 6. O-O Nc6 7. d4 h5 8. h3 Nf6 9. c3 Bf5 10. Nd2 Qd7 11. Kh2 O-O-O 12. Nb3 b6 13. a4 h4 14. g4 Bxg4 15. hxg4 Nxg4+ 16. Kh1 g5 17. a5 Qf5 18. Ng1 Nf6 19. axb6 axb6 20. Ra8+ Kb7 21. Rxd8 Nxd8 22. Qe2 Ne6 23. Qe5 Qxe5 24. dxe5 Ne4 25. Nd2 N6c5 26. Nxe4 Nxe4 27. Bxe4 dxe4 28. Bxg5 Bxe5 29.
Bxe7 f6 30. f4 exf3 31. Nxf3 Bg3 32. Bxf6 Re8 33. Bxh4 Bc7 34. Kg2 b5 35. Bg3 Rg8 36.
Ne5 Bxe5 37. Rf7+ Kc6 38. Rf3 Kd5 39. Kf2 Bxg3+ 40. Rxg3 Rxg3 41. Kxg3 Kc4 42. Kf3 Kb3 43. Ke3 Kxb2 44. Kd3 Ka3 45. Kc2 Ka4 46. Kb2 Ka5 47.
Kb3 Kb6 48. Kb4 Kc6 49. c4 bxc4 50. Kxc4 1/2-1/2

[Event "Late-Titled-Tuesday-Blitz-March-12-2024"]
[Site "Chess.com"]
[Date "2024.03.12"]
[Round "11"]
[White "Vladimir_Zakhartsov"]
[Black "Kosak12"]
[Result "0-1"]
[WhiteElo "2917"]
[BlackElo "2792"]
[TimeControl "180+1"]
[EndTime "16:04:35 PDT"]
[Termination "Kosak12 won by resignation"]

1. d4 b5 2. e4 Bb7 3. Bd3 e6 4. Qe2 a6 5. Nf3 Nf6 6. O-O Be7 7. a4 b4 8. a5 d5 9. e5 Nfd7 10. c3 c5 11. Nbd2 Nc6 12. g3 cxd4 13. cxd4 Nxa5 14.
h4 Qb6 15. Rd1 Nc6 16. Nf1 Nxd4 17. Nxd4 Qxd4 18. Bb5 Qb6 19. Bxd7+ Kxd7 20. Be3 Qb5 21. Qg4 g6 22. Nd2 Rhc8 23. Nb3 Rc4 24. Qf3 Ke8 25.
Nd4 Qd7 26. h5 Rac8 27. hxg6 hxg6 28. Kg2 Bc5 29. Rh1 Kd8 30. Rh7 Bxd4 31. Bg5+ Kc7 32. Rxf7 Qxf7 33. Qxf7+ Kb8 34. Qxe6 Bxb2 35. Rb1 Bc3 36.
Qd6+ Ka8 37. e6 d4+ 38. Kg1 Rh8 39. Bh4 Rc6 40. Qd7 g5 41. e7 Rcc8 42. Kh2 gxh4 43.
g4 Rce8 44. f4 h3 45. f5 d3 46. f6 Be5+ 47. Kg1 h2+ 48. Kf2 Bxf6 49. Rxb4 h1=Q 50. Rxb7 Qxb7 0-1

[Event "Late-Titled-Tuesday-Blitz-March-12-2024"]
[Site "Chess.com"]
[Date "2024.03.12"]
[Round "11"]
[White "NovakRatko"]
[Black "GWR2024"]
[Result "1-0"]
[WhiteElo "2406"]
[BlackElo "2189"]
[TimeControl "180+1"]
[EndTime "16:04:36 PDT"]
[Termination "NovakRatko won by checkmate"]

1. d4 f5 2. c4 Nf6 3. Nc3 g6 4. f3 Bg7 5. e4 fxe4 6. fxe4 d6 7. Bg5 O-O 8. Nf3 h6 9. Bh4 g5 10. Bg3 Nh5 11. Bf2 e5 12. dxe5 dxe5 13. Qb3 Nc6 14. Nd5 g4 15. Bh4 Qe8 16. Nxc7 Qf7 17. Nxa8 gxf3 18. gxf3 Nd4 19. Qe3 Nxf3+ 20. Kd1 Nxh4 21. Be2 Nf4 22. Kc2 Nxe2 23. Qxe2 Nf3 24. Kc3 Be6 25. Raf1 Bg4 26. Qe3 Rxa8 27. Rhg1 Rc8 28.
b3 Bh5 29. Qxh6 b5 30. Rxg7+ Qxg7 31. Qxh5 bxc4 32. Qxf3 cxb3+ 33. Kb2 Rc2+ 34. Kxb3 Rc8 35. Kb2 Rf8 36. Qxf8+ Qxf8 37. Rxf8+ Kxf8 38. Kb3 Ke7 39. Kc4 Ke6 40. a4 Kd6 41. h4 Ke6 42. Kc5 Kf6 43. Kd5 a5 44. Kd6 Kg6 45. Kxe5 Kh5 46. Kd5 Kxh4 47. e5 Kg4 48. e6 Kf3 49. e7 Ke3 50.
e8=Q+ Kd3 51. Qb5+ Kc3 52. Qxa5+ Kd3 53. Qb5+ Kc2 54.
a5 Kc1 55. Qe2 Kb1 56. Kc4 Ka1 57. Kc3 Kb1 58. Qb2# 1-0

[Event "Late-Titled-Tuesday-Blitz-March-12-2024"]
[Site "Chess.com"]
[Date "2024.03.12"]
[Round "11"]
[White "Qingdom"]
[Black "ShahMatKanal"]
[Result "0-1"]
[WhiteElo "2274"]
[BlackElo "2479"]
[TimeControl "180+1"]
[EndTime "16:04:38 PDT"]
[Termination "ShahMatKanal won by checkmate"]

1. d4 d5 2. c4 c5 3. cxd5 cxd4 4. Nf3 Nf6 5. Qxd4 Qxd5 6. Nc3 Qxd4 7. Nxd4 a6 8. e4 e5 9. Nf5 Nxe4 10. Nxg7+ Bxg7 11. Nxe4 O-O 12. Bc4 b5 13. Bd5 Ra7 14. Nd6 Rd7 15. Nxc8 Rxc8 16. Be4 Rc4 17. f3 Rcd4 18. Be3 R4d6 19.
Ke2 Nc6 20. Rhd1 Nd4+ 21. Bxd4 exd4 22. Kd3 Bh6 23. g3 Be3 24. a4 b4 25. a5 Rc7 26.
Ra4 b3 27. Rb4 Rc2 28. Rxb3 Rxh2 29. Rb6 Rd8 30. b4 Rc8 31. Bd5 Rc3+ 32. Ke4 Kg7 33.
Rxa6 Re2 34. Kf5 Bh6 35. Ra7 Ree3 36. Rxf7+ Kg8 37. Rc7+ Kf8 38. Rxc3 dxc3 39. Be4 Re2 40. Rd8+ Ke7 41. Rc8 Bd2 42. b5 Kd7 43. Rc4 Re1 44.
a6 Ra1 45. g4 Ra5 46. Bc6+ Kc7 47. f4 Kb6 48. g5 Ra2 49. Kg4 c2 50. f5 c1=Q 51. Rxc1 Bxc1 52. g6 hxg6 53. fxg6 Bb2 54.
Kf5 Ra1 55. Ke6 Rf1 56. Ke7 Rf6 57. g7 Rg6 58. Kf8 Rxg7 59. a7 Rxa7 60. Ke8 Rc7 61. Kd8 Ba3 62. Ke8 Bc5 63. Kd8 Bd4 64. Ke8 Be3 65. Kd8 Bf2 66. Ke8 Bg1 67. Kd8 Rh7 68.
Ke8 Bh2 69. Kd8 Bc7+ 70. Ke8 Kc5 71. Kf8 Bb6 72. Kg8 Rc7 73. Kf8 Kd6 74. Ke8 Ke6 75.
Kf8 Bc5+ 76. Kg8 Kf6 77. Kh8 Kg6 78. Be4+ Kh6 79. Kg8 Re7 80. Bc6 Kg6 81. Kh8 Rg7 82. b6 Bxb6 83. Be4+ Kh6 84. Bd5 Bd4 85. Be4 Rg6# 0-1

[Event "Late-Titled-Tuesday-Blitz-March-12-2024"]
[Site "Chess.com"]
[Date "2024.03.12"]
[Round "11"]
[White "HajiyevKanan"]
[Black "Felix-Rose"]
[Result "1-0"]
[WhiteElo "2524"]
[BlackElo "2304"]
[TimeControl "180+1"]
[EndTime "16:04:40 PDT"]
[Termination "HajiyevKanan won on time"]

1. d4 d5 2. Nf3 Nf6 3. c4 e6 4. cxd5 exd5 5. Nc3 c6 6. Qc2 Be7 7. Bf4 Bd6 8. Bg5 Nbd7 9. e3 h6 10. Bh4 Be7 11. Bd3 Nh5 12. Bxe7 Qxe7 13. O-O O-O 14. Rab1 a5 15. a3 Nhf6 16. b4 b5 17. Rfc1 Nb6 18.
Ne5 Qd6 19. bxa5 Rxa5 20. a4 b4 21. Na2 Rxa4 22. Qxc6 Qxc6 23. Rxc6 Rxa2 24. Rxb6 Ng4 25. Nxg4 Bxg4 26. R6xb4 Rd2 27. Bf1 Be6 28. R4b2 Rxb2 29. Rxb2 Rc8 30. h3 g5 31. Be2 Rd8 32. Bf3 Kg7 33.
Rb7 Kf6 34. g4 Rd6 35. Kg2 Rd8 36. Be2 Rd6 37. Ra7 Rd8 38. Bf3 Rd6 39. Ra5 Kg7 40.
Be2 Kf6 41. Ra6 Rd8 42. Bd3 Kg7 43. f4 Bc8 44. Ra8 Re8 45. Kf2 Bd7 46. Rxe8 Bxe8 47.
Bf5 Kf6 48. Kg3 Bb5 49. h4 Bc4 50. fxg5+ hxg5 51. h5 Bb3 52. h6 Bd1 53. Kf2 Bb3 54. Ke1 Bc4 55. Kd2 Bb3 56. Kc3 Ba2 57. Kb4 Bc4 58. Kc5 Ba2 59. Kd6 Bc4 60. Bc2 Be2 61. Bf5 Bf3 62. Kd7 Bg2 63. Ke8 1-0

[Event "Late-Titled-Tuesday-Blitz-March-12-2024"]
[Site "Chess.com"]
[Date "2024.03.12"]
[Round "11"]
[White "Mariia89"]
[Black "jcmesafischer"]
[Result "0-1"]
[WhiteElo "2258"]
[BlackElo "2362"]
[TimeControl "180+1"]
[EndTime "16:04:40 PDT"]
[Termination "jcmesafischer won on time"]

1. d4 Nf6 2. Nf3 d5 3. Bg5 Ne4 4. Bh4 c5 5. e3 Qb6 6. Qc1 Nc6 7. c3 Bf5 8. Nbd2 Rc8 9. Nxe4 dxe4 10. Nd2 cxd4 11. exd4 e6 12. Nc4 Qc7 13. Bg3 Qd8 14.
Qd1 Be7 15. Be2 O-O 16. O-O Bg6 17. Bh5 Qd5 18. Bxg6 hxg6 19. Ne3 Qg5 20. h4 Qh6 21. Ng4 Qh5 22. Ne5 Nxe5 23. Qxh5 gxh5 24. dxe5 b5 25.
Rfe1 Rc4 26. Re3 b4 27. Rae1 bxc3 28. bxc3 Rfc8 29. Rxe4 Rxc3 30. Ra4 Bc5 31. Re2 Rxg3 32. Rc4 Rg4 33. Rcc2 Rb4 34. Kf1 Rxh4 35. g3 Rb4 36. Kg1 Rb5 37. Kg2 Rd8 38. Re4 Be7 39. Rc7 Bg5 40.
Rxa7 Rb2 41. Re1 Rdd2 42. Rf1 Be3 43. Ra8+ Kh7 44. Kf3 Rxf2+ 45. Rxf2 Bxf2 46. a4 g5 47. g4 h4 0-1

[Event "Late-Titled-Tuesday-Blitz-March-12-2024"]
[Site "Chess.com"]
[Date "2024.03.12"]
[Round "11"]
[White "Rud_Makarian"]
[Black "Hikaru"]
[Result "1/2-1/2"]
[WhiteElo "3058"]
[BlackElo "3242"]
[TimeControl "180+1"]
[EndTime "16:04:45 PDT"]
[Termination "Game drawn by repetition"]

1. d4 g6 2. c4 Bg7 3. Nc3 d6 4. Nf3 Nd7 5. e4 e5 6. d5 Ne7 7. h4 h6 8. h5 Nc5 9. hxg6 fxg6 10. Be2 a5 11. Be3 Bg4 12. Qd2 Ng8 13. O-O-O Bxf3 14. Bxf3 b6 15. Kc2 Qd7 16. Rh4 h5 17.
Rdh1 Bh6 18. g4 Bxe3 19. Qxe3 Nf6 20. gxh5 gxh5 21. Bxh5+ Nxh5 22. Rxh5 Rxh5 23. Rxh5 O-O-O 24. Qh3 Qxh3 25. Rxh3 Rf8 26. f3 Rg8 27. Rh2 Rg1 28.
Nb5 Rg7 29. b3 Rf7 30. Rh3 Rg7 31. Kc3 Na6 32. a3 Nc5 33. b4 axb4+ 34. axb4 Nd7 35. Na7+ Kb7 36. Nc6 Rg8 37. Rh7 Nb8 38. Nxb8 Kxb8 39.
c5 b5 40. Rf7 Rg1 41. cxd6 cxd6 42. Kd3 Kc8 43. Rf6 Kc7 44. Rf7+ Kc8 45. Rf8+ Kc7 46. f4 Rg3+ 47. Kc2 exf4 48. Rf7+ Kc8 49. Rxf4 Re3 50. Rf6 Kd7 51. Rf7+ Kc8 52. Rf4 Kc7 53. Rh4 Kc8 54. Rg4 Kc7 55. Rh4 Kc8 56. Rf4 Kc7 57. Rh4 1/2-1/2

[Event "Late-Titled-Tuesday-Blitz-March-12-2024"]
[Site "Chess.com"]
[Date "2024.03.12"]
[Round "11"]
[White "Vesapesa"]
[Black "Pachonpower"]
[Result "1/2-1/2"]
[WhiteElo "2202"]
[BlackElo "2311"]
[TimeControl "180+1"]
[EndTime "16:04:48 PDT"]
[Termination "Game drawn - insufficient material"]

1. e4 e6 2. d4 d5 3. exd5 exd5 4. Bd3 Bd6 5. Nf3 Ne7 6. O-O Nbc6 7. c3 Bg4 8. Re1 Qd7 9. Nbd2 O-O 10. Qc2 h6 11. Ne5 Nxe5 12. dxe5 Bc5 13. Nb3 Bb6 14. h3 Be6 15. Bf4 c5 16. Bf1 Ng6 17. Bh2 Rfe8 18. Rad1 a5 19. g4 Nh4 20. Nd2 Bc7 21. a4 Qe7 22.
Bg3 Ng6 23. Bg2 Red8 24. f4 Nh4 25. f5 Nxg2 26. Kxg2 Bd7 27. Nf3 Bc6 28. f6 gxf6 29. exf6 Qd7 30. Bxc7 Qxc7 31. Qd2 Kh7 32. Re7 Rd7 33.
Rde1 Rg8 34. Qd3+ Kh8 35. Qe3 Rg6 36. g5 Rxe7 37. fxe7 Be8 38. h4 Kh7 39. h5 Rg7 40. Qd3+ Kg8 41. Qf5 hxg5 42. Nxg5 Qc6 43. Kh2 d4 44. h6 Qxh6+ 45. Nh3 Qd2+ 46. Qf2 Qxf2+ 47. Nxf2 dxc3 48. bxc3 Rg6 49. Nd3 Re6 50. Rxe6 fxe6 51.
Nxc5 Kf7 52. Nxb7 Bxa4 53. Nxa5 Kxe7 54. Nc4 Bb3 55. Ne3 Kd6 56. Kg3 Ke5 57. Kf3 Bd5+ 58. Ke2 Be4 59. Kd2 Kd6 60. Ke2 Kc5 61. Kd2 e5 62.
Ng4 Kd5 63. Nxe5 Kxe5 64. Ke3 Kd5 65. Ke2 Kc4 66. Ke3 Bd3 67. Kf4 Kxc3 1/2-1/2

[Event "Late-Titled-Tuesday-Blitz-March-12-2024"]
[Site "Chess.com"]
[Date "2024.03.12"]
[Round "11"]
[White "mestrefeitosa19"]
[Black "APOKALIPSA13"]
[Result "1-0"]
[WhiteElo "2311"]
[BlackElo "2205"]
[TimeControl "180+1"]
[EndTime "16:04:49 PDT"]
[Termination "mestrefeitosa19 won by resignation"]

1. c4 c5 2. Nc3 Nc6 3. Nf3 e5 4. e3 f5 5. d4 e4 6. d5 exf3 7. dxc6 fxg2 8. cxd7+ Qxd7 9. Bxg2 Qxd1+ 10. Kxd1 Nf6 11.
Nb5 Kf7 12. Kc2 a6 13. Nc7 Rb8 14. Nd5 b5 15. b3 Ne4 16. f3 Nd6 17. cxb5 axb5 18.
e4 b4 19. Bb2 Nb5 20. Rhd1 Be6 21. Nf4 Bc8 22. Nd5 Rg8 23. Bh3 fxe4 24. Bxc8 Rxc8 25.
fxe4 c4 26. Rf1+ Ke8 27. bxc4 Rxc4+ 28. Kd3 Rc6 29. Rf5 Rh6 30. Ne3 Nc3 31. Re5+ Kd7 32. Bxc3 bxc3 33. Kxc3 Rc6+ 34. Kb3 Bd6 35. Rb5 Ra8 36.
a4 Rf8 37. Rd1 Rf3 38. Rd3 Kc7 39. Rbd5 Rb6+ 40. Kc2 Rf2+ 41. Rd2 Rxd2+ 42. Rxd2 Bf4 43. Nd5+ Kb7 44. Nxb6 Bxd2 45. Kxd2 Kxb6 46. e5 Kc5 47. a5 Kd5 48. a6 Kc6 49. e6 Kb6 50. e7 Kxa6 51.
e8=Q Kb6 52. Qf7 g5 53. Qxh7 Kc5 54. Qg6 Kd4 55. Qxg5 Kc4 56. Qe5 1-0

[Event "Late-Titled-Tuesday-Blitz-March-12-2024"]
[Site "Chess.com"]
[Date "2024.03.12"]
[Round "11"]
[White "David_ATM"]
[Black "chessamical"]
[Result "1-0"]
[WhiteElo "2383"]
[BlackElo "2226"]
[TimeControl "180+1"]
[EndTime "16:04:51 PDT"]
[Termination "David_ATM won on time"]

1. e4 e6 2. d4 d5 3. exd5 exd5 4. Bd3 c5 5. c3 c4 6. Bc2 Nf6 7. Nf3 Bd6 8. h3 Qe7+ 9. Be3 O-O 10. O-O Nc6 11. Re1 Qc7 12. Bg5 Bf4 13. Bxf6 gxf6 14. Nh4 Ne7 15. Rxe7 Qxe7 16. Nf5 Bxf5 17. Bxf5 Kh8 18.
Na3 Rg8 19. Qf3 Bd6 20. Nc2 Rg5 21. Re1 Qf8 22. g4 Rd8 23. Ne3 Bb8 24. Kg2 Qd6 25. Qg3 Qxg3+ 26. fxg3 Rgg8 27. Nc2 Rge8 28. Rxe8+ Rxe8 29. Kf3 b5 30. Ne3 Rd8 31. a3 a6 32. h4 Kg7 33. g5 fxg5 34. hxg5 h6 35. gxh6+ Kxh6 36.
Bh3 Kg5 37. Bg2 f5 38. Kf2 f4 39. gxf4+ Bxf4 40. Nxd5 Bc1 41. Nc7 Bxb2 42. Ne6+ Kf6 43.
Nxd8 Bxc3 44. Ke3 Bb2 45. Bb7 Bxa3 46. Bxa6 c3 47. Kd3 b4 48. Kc2 Ke7 49. Nc6+ Kd6 50. Na5 Kd5 51. Nb3 Kd6 52. Bb7 Bb2 53. Bf3 Ba3 54.
Bh5 Bb2 55. Bf7 Ba3 56. Bc4 Bb2 57. Na5 Ba3 58. Bb3 Kc7 59. Nc4 1-0

[Event "Late-Titled-Tuesday-Blitz-March-12-2024"]
[Site "Chess.com"]
[Date "2024.03.12"]
[Round "11"]
[White "AlexTruskavetsky"]
[Black "Sinquefield"]
[Result "1-0"]
[WhiteElo "2674"]
[BlackElo "2514"]
[TimeControl "180+1"]
[EndTime "16:04:52 PDT"]
[Termination "AlexTruskavetsky won by resignation"]

1. d4 Nf6 2. c4 d6 3. Nc3 Nbd7 4. e4 e5 5. Nf3 Be7 6. Be2 O-O 7. O-O c6 8. Be3 a6 9. d5 cxd5 10. cxd5 b5 11.
a3 Bb7 12. Nd2 Rc8 13. h3 Ne8 14. g4 g6 15. Re1 Bg5 16. Nf1 Ng7 17. Qd2 Bxe3 18. Qxe3 f5 19. gxf5 gxf5 20. Kh1 f4 21. Qf3 Rf6 22. Nh2 Rg6 23. Rg1 Nf8 24. Rxg6 Nxg6 25. Rg1 Rc7 26. Qd3 Qh4 27. Rg2 Bc8 28.
Bg4 Bxg4 29. Nxg4 Nh5 30. Nh6+ Kh8 31. Nf5 Qf6 32. Qf3 Ng7 33. Qg4 Rf7 34. Nh6 Rf8 35. Qd7 Ne7 36. Ng4 Qh4 37. Qxd6 f3 38. Rg3 h5 39.
Nxe5 Qxg3 40. fxg3 f2 41. Ng6+ Nxg6 42. Qxf8+ Nxf8 43. Kg2 Nd7 44. Kxf2 Kh7 45. Ke3 Kg6 46. Ne2 Kf6 47.
Kd4 Ne5 48. b3 Nf3+ 49. Kc5 Nd2 50. b4 Nxe4+ 51. Kb6 Nd6 52. Kxa6 Ke5 53. Nf4 Ke4 54. Kb6 Kf3 55. Kc6 Kxg3 56. Nxh5+ Nxh5 57. Kxd6 Kxh3 58. Kc6 Nf4 59. d6 Nd3 60. d7 Ne5+ 61. Kd6 Nc4+ 62. Kc7 Nxa3 63. d8=Q Nc4 64. Qd7+ Kg3 65. Qxb5 Ne3 66.
Qe5+ Kf3 67. Qxe3+ Kxe3 68. b5 Kd4 69. b6 Kc5 70. b7 1-0

[Event "Late-Titled-Tuesday-Blitz-March-12-2024"]
[Site "Chess.com"]
[Date "2024.03.12"]
[Round "11"]
[White "alexrustemov"]
[Black "GoltsevDmitry2000"]
[Result "1-0"]
[WhiteElo "2844"]
[BlackElo "2714"]
[TimeControl "180+1"]
[EndTime "16:04:54 PDT"]
[Termination "alexrustemov won by checkmate"]

1. d4 e6 2. Nf3 Nf6 3. Bg5 h6 4. Bh4 d5 5. e3 c5 6. c3 Nc6 7.
Bd3 Be7 8. Nbd2 Nd7 9. Bg3 a6 10. Qe2 b5 11. O-O f5 12. a4 c4 13. Bc2 b4 14.
Ne5 Ndxe5 15. Bxe5 Nxe5 16. dxe5 h5 17. Nf3 Qc7 18. Qd2 Rb8 19. h4 Rg8 20. Qd4 Bd7 21.
Qf4 Qa5 22. Rfc1 Qd8 23. Bd1 g5 24. Nxg5 Bxg5 25. Bxh5+ Kf8 26. hxg5 Qxg5 27. Qxg5 Rxg5 28. Bf3 Ke7 29. g3 Rgg8 30. Kg2 bxc3 31. bxc3 Rb2 32.
Rh1 Rb3 33. Rh7+ Kd8 34. Rc1 Re8 35. Bh5 Re7 36. Rh8+ Kc7 37. a5 Ra3 38. f3 Rxa5 39.
g4 Ra2+ 40. Kg3 fxg4 41. fxg4 a5 42. g5 a4 43. g6 Rb2 44. Ra1 Rb8 45. Rh7 Rxh7 46.
gxh7 Rh8 47. Bg6 Kb6 48. Kf4 Kc7 49. Kg5 Kb6 50. Kh6 Rb8 51. Kg7 Kc5 52. h8=Q Rxh8 53. Kxh8 Kc6 54. Kg7 Kc5 55. Kf6 Kb6 56. Bf7 Kc5 57.
Bxe6 Bb5 58. Bf5 Bc6 59. e6 Kd6 60. e7 Bb5 61. Bg6 d4 62. exd4 Kc7 63. e8=Q Bc6 64. Qe7+ Kb6 65. Be4 Bb5 66. Qc5+ Ka5 67. Rxa4+ Kxa4 68. Qb4# 1-0

[Event "Late-Titled-Tuesday-Blitz-March-12-2024"]
[Site "Chess.com"]
[Date "2024.03.12"]
[Round "11"]
[White "mac0504"]
[Black "GlavkonVVS"]
[Result "1-0"]
[WhiteElo "2721"]
[BlackElo "2602"]
[TimeControl "180+1"]
[EndTime "16:04:54 PDT"]
[Termination "mac0504 won by resignation"]

1. c4 Nf6 2. Nc3 c5 3. e4 Nc6 4. Nge2 g6 5. g3 Bg7 6. Bg2 O-O 7. O-O d6 8. d3 a6 9. h3 Rb8 10. f4 Bd7 11. Kh2 b5 12. Nd5 bxc4 13. dxc4 Ne8 14. Nec3 Nd4 15. f5 e6 16. fxe6 fxe6 17. Nf4 Nf6 18.
b3 Qe7 19. Ba3 g5 20. Nd3 e5 21. Bc1 h6 22. Be3 Bc6 23. Nd5 Nxd5 24. cxd5 Bb5 25. Rxf8+ Rxf8 26. Nf2 Be2 27. Qd2 Bf3 28. Rf1 Qe8 29.
Ng4 Qh5 30. Bxd4 Bxg4 31. Rxf8+ Bxf8 32. Be3 Bd7 33. Qf2 Be7 34. Qf1 Bb5 35. Qf5 Kg7 36. Qe6 Qf7 37. Qc8 Bf1 38. a4 h5 39. Qd7 Bd3 40.
a5 Be2 41. Bd2 g4 42. h4 Bf3 43. Qf5 Qxf5 44. exf5 Bxg2 45. Kxg2 Kf6 46. Bg5+ Kxf5 47. Bxe7 Ke4 48. Bxd6 Kxd5 49. Bf8 c4 50. bxc4+ Kxc4 51. Kf2 Kd3 52. Bc5 e4 53. Bb6 Kd2 54. Be3+ Kd3 55. Bf4 Kd4 56. Ke2 Kc4 57. Ke3 Kb5 58. Bc7 Kc4 59. Kxe4 Kc5 60. Kf5 Kc6 61. Bb6 Kb5 62. Kg5 Kc4 63. Kxh5 Kd3 64. Kxg4 1-0

[Event "Late-Titled-Tuesday-Blitz-March-12-2024"]
[Site "Chess.com"]
[Date "2024.03.12"]
[Round "11"]
[White "Heydarli77"]
[Black "rdarruda"]
[Result "1-0"]
[WhiteElo "2417"]
[BlackElo "2528"]
[TimeControl "180+1"]
[EndTime "16:04:57 PDT"]
[Termination "Heydarli77 won by resignation"]

1. d4 Nf6 2. Nf3 e6 3. c4 d5 4.
Nc3 Be7 5. Bg5 O-O 6. e3 h6 7. Bh4 c6 8. cxd5 exd5 9. Qc2 Nbd7 10. Bd3 Re8 11. O-O Nf8 12. Rab1 Ne4 13. Bxe4 Bxh4 14. Bd3 Bf6 15. b4 Bg4 16. Nd2 Rc8 17. Bf5 Bxf5 18. Qxf5 Ne6 19. b5 g6 20. Qf3 Ng5 21. Qg4 c5 22. Ne2 h5 23. Qg3 c4 24.
Nc3 Ne6 25. Qf3 Bxd4 26. exd4 Nxd4 27. Qxd5 Ne2+ 28. Kh1 Nxc3 29. Qxd8 Rcxd8 30. Rb2 Re2 31. Nxc4 Rxb2 32. Nxb2 Nxb5 33. Nc4 Rd4 34. Ne3 Rd2 35.
a4 Nc3 36. a5 Ra2 37. Nc4 Ra4 38. Nd6 Rxa5 39. Nxb7 Ra2 40. g3 a5 41. Rc1 Ne4 42.
f3 Nd2 43. Rc3 a4 44. Nd6 Rb2 45. Ra3 Rb4 46. Kg2 Nc4 47. Nxc4 Rxc4 48. Kf2 Kf8 49. Ke3 Ke7 50. Kd3 Rb4 51. Kc3 Rb3+ 52. Rxb3 axb3 53. Kxb3 Kd6 54. Kc4 Ke5 55. Kd3 g5 56. Ke3 f5 57. h3 f4+ 58. gxf4+ gxf4+ 59. Kd3 Kd5 60. h4 Ke5 61. Kc4 Ke6 62. Kd4 Kf5 63. Kd5 Kf6 64. Ke4 Kg6 65. Kxf4 Kf6 66. Ke4 Ke6 67. f4 Kf6 68. f5 1-0

[Event "Late-Titled-Tuesday-Blitz-March-12-2024"]
[Site "Chess.com"]
[Date "2024.03.12"]
[Round "11"]
[White "prochn"]
[Black "Gryffindorac8"]
[Result "1-0"]
[WhiteElo "2473"]
[BlackElo "2370"]
[TimeControl "180+1"]
[EndTime "16:04:58 PDT"]
[Termination "prochn won by resignation"]

1. d4 Nf6 2. c4 c5 3. d5 b5 4. cxb5 a6 5. bxa6 Bxa6 6. Nc3 d6 7. g3 g6 8. Bg2 Bg7 9. Nf3 O-O 10. Rb1 Nbd7 11.
O-O Qb6 12. Qc2 Rfb8 13. b3 Ne8 14. Nd2 Nc7 15. Re1 h5 16. a4 Ne5 17. h3 Qb4 18. Na2 Qb6 19. Bb2 Bc8 20. Bc3 Na6 21. f4 Nd7 22.
Kh2 Bxc3 23. Qxc3 Nb4 24. Nxb4 Qxb4 25. Qxb4 Rxb4 26. e4 Rab8 27. e5 Ba6 28. Rbc1 h4 29. exd6 exd6 30. Re7 Nf6 31. f5 hxg3+ 32. Kxg3 Rd4 33.
Rc2 g5 34. Bf3 Bd3 35. Rb2 Bxf5 36. a5 Ra8 37. Nc4 g4 38. hxg4 Bxg4 39. Rf2 Bxf3 40. Rxf3 Nxd5 41. Rexf7 Rd3 42. Rd7 Rxf3+ 43. Kxf3 Nb4 44.
Rxd6 Kf7 45. Rb6 Ke7 46. Rb5 Kd7 47. Rxc5 Nd3 48. Rd5+ Kc6 49. Rxd3 Kc5 50. Re3 Kb4 51. Ke2 Rf8 52. Kd3 Rd8+ 53. Kc2 Rg8 54. Re2 Rf8 55. Rd2 Rg8 56. a6 Ra8 57. Rd6 Kb5 58. Rb6+ Kc5 59. Kc3 Rg8 60. b4+ Kd5 61. Rd6+ Ke4 62. a7 Ra8 63.
Rd7 1-0

[Event "Late-Titled-Tuesday-Blitz-March-12-2024"]
[Site "Chess.com"]
[Date "2024.03.12"]
[Round "11"]
[White "kingofthenil"]
[Black "MatthewG-p4p"]
[Result "1-0"]
[WhiteElo "2789"]
[BlackElo "2898"]
[TimeControl "180+1"]
[EndTime "16:04:59 PDT"]
[Termination "kingofthenil won on time"]

1. e4 e6 2. Nf3 d5 3. exd5 exd5 4. g3 Nf6 5. Bg2 Bd6 6. O-O O-O 7. d4 c5 8. dxc5 Bxc5 9. Ne5 Nc6 10. Nd3 Bb6 11.
h3 Ne4 12. Kh2 Re8 13. Nc3 Nxc3 14. bxc3 Bf5 15. Nf4 d4 16. cxd4 Nxd4 17. Bb2 Bxc2 18. Qh5 Qd6 19. Rac1 Bg6 20. Nxg6 hxg6 21. Qg4 f5 22. Qd1 Rad8 23. Bxd4 Bxd4 24. Qb3+ Kh7 25. Qxb7 f4 26. Rc6 Qe5 27. Qf7 Qf5 28. Qxf5 gxf5 29. gxf4 Re2 30. Bf3 Rxa2 31. Bh5 Bf6 32. Kg2 Rd4 33.
Bf7 Rb2 34. Rc7 a5 35. Rc5 Rxf4 36. Rxa5 Bd4 37. Ra2 Rb7 38. Bd5 Rb6 39. Rd2 Be3 40. Re2 Bc5 41. Kh1 Rd6 42. Bg2 Rh6 43. Re5 Bxf2 44.
Rxf5 Rxf5 45. Be4 Rxh3+ 46. Kg2 Rg3+ 47. Kh2 1-0